 Dungeon Crawl Stone Soup version 0.27-a0-1188-g73eefd5def (webtiles) character file.

Game seed: 6922679499557808071

2739 freelancePsychic the Digger (level 9, -1/74 HPs)
             Began as a Troll Earth Elementalist on May 20, 2021.
             Was an Elder of Dithmenos.
             Slain by a gnoll
             ... wielding a +0 halberd
              (2 damage)
             ... on level 7 of the Dungeon on May 21, 2021.
             The game lasted 00:11:49 (5352 turns).

freelancePsychic the Digger (TrEE)                  Turns: 5352, Time: 00:11:49

Health: -1/74      AC:  4    Str: 18    XL:     9   Next: 40%
Magic:  9/9        EV:  9    Int: 14    God:    Dithmenos [****..]
Gold:   381        SH:  0    Dex: 10    Spells: 6/10 levels left

rFire    . . .     SeeInvis .     - Unarmed
rCold    + . .     Faith    .   (no shield)
rNeg     . . .     Spirit   .   c - +0 robe
rPois    .         Reflect  .   (helmet restricted)
rElec    .         Harm     .   (no cloak)
rCorr    .         Rampage  .   (gloves unavailable)
Will     .....                  (boots unavailable)
Stlth    ++........             l - amulet of regeneration
HPRegen  2.22/turn              d - +4 ring of slaying
MPRegen  0.11/turn              o - ring of protection from cold

@: about to teleport, wreathed by umbra
A: large, unfitting armour, claws 3, regeneration 1, shaggy fur 1, tough skin 1
a: Renounce Religion, Shadow Step


You were on level 7 of the Dungeon.
You worshipped Dithmenos.
Dithmenos was greatly pleased with you.
You visited 1 branch of the dungeon, and saw 8 of its levels.

You collected 381 gold pieces.

Inventory:

Missiles
 b - 306 stones
Armour
 c - a +0 robe (worn)
Jewellery
 d - a +4 ring of slaying (left claw)
 k - a ring of fire
 l - an amulet of regeneration (around neck)
 o - a ring of protection from cold (right claw)
Wands
 j - a wand of mindburst (23)
 u - a wand of polymorph (9)
 y - a wand of iceblast (10)
 C - a wand of flame (7)
Scrolls
 a - 5 scrolls of fog
 f - a scroll of immolation
 h - a scroll of amnesia
 p - 2 scrolls of holy word
 w - 2 scrolls of teleportation {@r4}
 A - a scroll of noise {unknown}
 B - 3 scrolls of enchant weapon {unknown}
 D - a scroll of brand weapon {unknown}
Potions
 e - 3 potions of attraction {unknown}
 g - 4 potions of curing {@q1}
 i - a potion of ambrosia {unknown}
 m - 2 potions of flight
 n - a potion of resistance {unknown}
 q - a potion of lignification {unknown}
 r - 2 potions of degeneration {unknown}
 s - a potion of haste {@q3}
 t - a potion of heal wounds {unknown}
 v - a potion of might {unknown}
 x - a potion of brilliance {unknown}
 z - 2 potions of mutation {unknown}
 E - 2 potions of invisibility


   Skills:
 - Level 1.5 Dodging
 - Level 1.0 Stealth
 + Level 7.4 Unarmed Combat
 - Level 1.2 Spellcasting
 - Level 5.6 Transmutations
 + Level 7.4 Earth Magic


You had 6 spell levels left.
You knew the following spells:

 Your Spells              Type           Power      Damage    Failure   Level
b - Petrify               Tmut/Erth      19%        N/A       17%         4

Your spell library contained the following spells:

 Spells                   Type           Power      Damage    Failure   Level
 Sandblast                Erth           42%        2d11      1%          1
 Passwall                 Tmut/Erth      15%        N/A       2%          2
 Stone Arrow              Conj/Erth      22%        3d8       17%         3
 Corona                   Hex            0%         N/A       26%         1
 Lee's Rapid Deconstruct  Erth           10%        3d9*      34%         5
 Ensorcelled Hibernation  Hex/Ice        0%         N/A       36%         2
 Confusing Touch          Hex            0%         N/A       61%         3
 Dazzling Flash           Conj/Hex       0%         N/A       61%         3
 Tukima's Dance           Hex            0%         N/A       61%         3


Dungeon Overview and Level Annotations

Branches:
Dungeon (8/15)             Temple (0/1) D:5
   Lair: D:8-11

Altars:
Cheibriados
Dithmenos
Hepliaklqana
Makhleb
Nemelex Xobeh
Trog
Vehumet
Xom

Shops:
D:1 (

Annotations:
D:4 Ijyb
D:8 1 transporter, exclusion: ice statue


Innate Abilities, Weirdness & Mutations

You are too large for most types of armour.
You have claws for hands.
Your natural rate of healing is unusually fast.
You are covered in fur. (AC +1)
You have tough skin. (AC +1)


Message History

The gnoll barely misses you. The gnoll barely misses you.
There is a stone staircase leading up here.
The steam dragon breathes steam at you. The ball of steam hits you!
The gnoll barely misses you.
You climb upwards.
There is a stone staircase leading down here.
The steam dragon completely misses you.
The steam dragon claws you but does no damage.
The gnoll hits you from afar with a +0 halberd!
The steam dragon closely misses you. The steam dragon misses you.
The steam dragon bites you! The steam dragon closely misses you.
The gnoll barely misses you. The steam dragon bites you.
The steam dragon barely misses you. The gnoll barely misses you.
The gnoll completely misses you. The gnoll closely misses you.
The steam dragon breathes steam at you. The ball of steam misses you.
You are engulfed in a cloud of scalding steam.
The steam dragon breathes steam at you. The ball of steam hits you!
You are engulfed in a cloud of scalding steam.
The steam dragon breathes steam at you. The ball of steam hits you!
The gnoll hits you from afar with a +0 halberd!
As you read the scroll of teleportation {@r4}, it crumbles to dust.
You feel strangely unstable. The steam dragon breathes steam at you.
The ball of steam hits you.
The gnoll hits you from afar with a +0 halberd!
* * * LOW HITPOINT WARNING * * *
You are engulfed in a cloud of scalding steam.
* * * LOW HITPOINT WARNING * * *
The steam dragon bites you.
* * * LOW HITPOINT WARNING * * *
The steam dragon claws you.
* * * LOW HITPOINT WARNING * * *
The gnoll hits you from afar with a +0 halberd.
You die...

#...#................###
##......>[..........#.#
#
#.......)..........####
##...#...)......#..#
#.###..........#### ###
##.....#...#
#.....###### ##..Dg.#
##@§§.# ##§§.# ##§## ###


You could see a steam dragon (catching breath) and a gnoll.

Vanquished Creatures
  Menkaure (D:5)
  Duvessa (D:4)
  A water moccasin (D:6)
  4 black bears
  2 sky beasts
  3 ogres
  An ice beast (D:6)
  A centaur (D:7)
  Blork the orc (D:6)
  3 bullfrogs
  2 scorpions
  Dowan (D:4)
  A water moccasin zombie (D:6)
  3 wights (D:7)
  6 hounds
  A jelly (D:6)
  2 centaur zombies
  2 centaur skeletons
  A gnoll shaman (D:8)
  3 orc priests (D:7)
  3 iguanas
  Terence (D:3)
  An orc wizard (D:7)
  A scorpion zombie (D:5)
  Robin (D:2)
  A howler monkey skeleton (D:7)
  6 adders
  5 gnolls
  A shadow imp (D:6)
  A white imp (D:7)
  An adder skeleton (D:5)
  3 worms (D:2)
  2 dart slugs
  17 orcs
  4 ball pythons
  6 bats
  5 endoplasms
  A giant cockroach (D:3)
  13 goblins
  11 hobgoblins
  5 jackals
  6 kobolds
  8 quokkas
  5 rats
148 creatures vanquished.

Vanquished Creatures (others)
  A gnoll (D:8)
1 creature vanquished.

Grand Total: 149 creatures vanquished

Notes
Turn   | Place    | Note
-------+----------+-------------------------------------------
     0 | D:1      | freelancePsychic the Troll Earth Elementalist began the
                  | quest for the Orb.
     0 | D:1      | Reached XP level 1. HP: 16/16 MP: 1/1
    82 | D:1      | Found Zihoriz's Antique Weapon Emporium.
   187 | D:1      | Reached skill level 1 in Transmutations
   189 | D:1      | Reached XP level 2. HP: 24/24 MP: 2/2
   318 | D:1      | Reached skill level 1 in Unarmed Combat
   400 | D:1      | Found a faded altar of an unknown god.
   516 | D:1      | Became a worshipper of Dithmenos the Shadowed
   516 | D:1      | Reached * piety under Dithmenos
   818 | D:2      | Reached XP level 3. HP: 31/31 MP: 3/3
   824 | D:2      | Noticed Robin
   922 | D:2      | Killed Robin
  1015 | D:2      | Reached ** piety under Dithmenos
  1019 | D:2      | Reached XP level 4. HP: 37/39 MP: 4/4
  1427 | D:3      | Found a radiant altar of Vehumet.
  1427 | D:3      | Found a shimmering altar of Xom.
  1434 | D:3      | Found a faded altar of an unknown god.
  1436 | D:3      | Found a sparkling altar of Nemelex Xobeh.
  1438 | D:3      | Found a faded altar of an unknown god.
  1478 | D:3      | Found a burning altar of Makhleb.
  1804 | D:3      | Noticed Terence
  1822 | D:3      | Killed Terence
  1823 | D:3      | Reached XP level 5. HP: 32/45 MP: 5/5
  1972 | D:3      | Learned a level 4 spell: Petrify
  2061 | D:4      | Found a bloodstained altar of Trog.
  2061 | D:4      | Noticed a black bear
  2061 | D:4      | Noticed a black bear
  2080 | D:3      | Killed a black bear
  2093 | D:4      | Killed a black bear
  2094 | D:4      | Reached XP level 6. HP: 53/53 MP: 6/6
  2157 | D:4      | Noticed Ijyb
  2523 | D:4      | Reached XP level 7. HP: 59/59 MP: 7/7
  2525 | D:4      | Noticed Duvessa
  2535 | D:4      | Killed Duvessa
  2536 | D:4      | Reached skill level 5 in Earth Magic
  2539 | D:4      | Noticed Dowan
  2549 | D:4      | Killed Dowan
  3016 | D:5      | Entered Level 5 of the Dungeon
  3076 | D:5      | Reached *** piety under Dithmenos
  3126 | D:5      | Found a staircase to the Ecumenical Temple.
  3212 | D:5      | Noticed a two-headed ogre
  3260 | D:5      | Reached skill level 5 in Unarmed Combat
  3342 | D:5      | Found a snail-covered altar of Cheibriados.
  3375 | D:5      | Noticed Menkaure
  3387 | D:5      | Killed Menkaure
  3388 | D:5      | Reached XP level 8. HP: 67/67 MP: 8/8
  3450 | D:5      | Found a hazy altar of Hepliaklqana.
  3769 | D:6      | Noticed Blork the orc
  4244 | D:6      | Killed Blork the orc
  4474 | D:6      | Reached skill level 5 in Transmutations
  4649 | D:7      | Reached XP level 9. HP: 74/74 MP: 9/9
  4794 | D:7      | Reached **** piety under Dithmenos
  5192 | D:8      | Noticed an ice statue
  5199 | D:8      | Found a transporter.
  5352 | D:7      | HP: 3/74 [steam dragon (5)]
  5352 | D:7      | HP: 1/74 [steam dragon (2)]
  5352 | D:7      | Slain by a gnoll

Illustrated notes

Levels and vault maps discovered:
D:1:      lightli_arrival_isolated_outpost, layout_loops_ring, serial_shops,
          shop, hellmonk_ecumenical_altar_leap_of_faith, minmay_misc_feat_rows,
          minmay_misc_feat_chi, minivault_11, chequers_serial_rivers_micro_a,
          solitary_fountain
D:2:      layout_basic, uniq_robin
D:3:      layout_basic, lemuel_doored_altar,
          chequers_temple_overflow_minitemple, uniq_terence
D:4:      minmay_razor_zed, layout_basic, trog_ov_bears_minmay, uniq_ijyb,
          uniq_duvessa
D:5:      layout_rooms, old_standard_altar, marbit_many_paths,
          minmay_temple_entry_enclosed_plants, kennysheep_generic_room_4,
          uniq_menkaure
D:6:      layout_loops_ring, roderic_roman_lattice, uniq_blork_the_orc
D:7:      kennysheep_spiral_hall, layout_cave_pools
D:8:      layout_rooms, lair_entry_dummy, nzn_ghost_randoct

Skill      XL: |  1  2  3  4  5  6  7  8  9 |
---------------+----------------------------+-----
Transmutations | 1 2 3 4 5 |  5.6
Unarmed Combat | 1 2 3 4 5 6 7 |  7.4
Earth Magic    | 3 4 5 6 7 |  7.4
Dodging        | |  1.5
Stealth        | |  1.0
Spellcasting   | |  1.2

Action                   |  1- 3 |  4- 6 |  7- 9 || total
-------------------------+-------+-------+-------++-------
Melee: Unarmed           |    87 |   108 |   240 ||   435
       Punch             |       |     5 |     9 ||    14
  Use: Scroll            |       |       |    12 ||    12
 Stab: Sleeping          |     3 |     2 |     1 ||     6
       Distracted        |     1 |       |     1 ||     2
Armor: Robe              |    14 |    29 |    51 ||    94
       Skin              |     5 |       |       ||     5
Dodge: Dodged            |    52 |    54 |   115 ||   221

Table legend: (Time is in decaauts)
 A = Elapsed time spent in this place.
 B = Non-inter-level travel time spent in this place.
 C = Inter-level travel time spent in this place.
 D = Time resting spent in this place.
 E = Time spent auto-exploring this place.
 F = Levels seen in this place.
 G = Mean time per level.
                   A        B        C        D        E       F      G
               +--------+--------+--------+--------+--------+-----+--------+
         Total |   5328 |   4937 |    391 |     66 |   3771 |   8 |  666.0 |
       Dungeon |   5328 |   4937 |    391 |     66 |   3771 |   8 |  666.0 |
               +--------+--------+--------+--------+--------+-----+--------+

Top non-repeatable levels by time:
     D:4: 979 daAuts
     D:3: 813 daAuts
     D:5: 769 daAuts
     D:6: 757 daAuts
     D:1: 734 daAuts
     D:7: 647 daAuts
     D:2: 521 daAuts
     D:8: 104 daAuts
